 Dungeon Crawl Stone Soup version 0.28.0-53-g5a82cb258f (webtiles) character file.

Game seed: 11706974888650904752

140606 issech the Warrior (level 16, -2/119 HPs)
             Began as a Minotaur Monk on June 14, 2022.
             Was the Champion of Hepliaklqana.
             Splashed with acid (8 damage)
             ... on level 2 of the Pits of Slime on June 15, 2022.
             The game lasted 03:13:21 (37287 turns).

issech the Warrior (Minotaur Monk)                 Turns: 37287, Time: 03:13:21

Health: -2/119     AC: 22    Str: 15 (16) XL:     16   Next: 76%
Magic:  20/20      EV: 21    Int: 15      God:    Hepliaklqana [******]
Gold:   3357       SH: 10    Dex: 19      Spells: 17/22 levels left

rFire   . . .      SeeInvis +   D - +9 hand crossbow (vorpal)
rCold   . . .      Faith    .   S - +3 buckler {AC+3}
rNeg    . . .      Spirit   .   Y - +5 robe of Night {Dark Will+ SInv}
rPois   +          Reflect  .   (helmet restricted)
rElec   .          Harm     .   d - +2 cloak {Will+}
rCorr   +          Rampage  .   C - +4 pair of gloves of Terror {*Corrode rPois Will+ Int+6}
Will    ++++.      Rage     1%  V - +2 pair of boots
Stlth   ++++......              o - amulet of regeneration
HPRegen 1.09/turn               P - ring of flight
MPRegen 0.17/turn               H - ring of resist corrosion

@: flying
A: reduced essence, horns 2, retaliatory headbutt, berserk 1, clever 1, deformed
body, deterioration 1, frail 1, weak 1, subdued magic 2
a: Renounce Religion, Recall Ancestor, Ancestor Identity, Transference, Idealise


You were on level 2 of the Pits of Slime.
You worshipped Hepliaklqana.
Hepliaklqana was exalted by your worship.
You visited 5 branches of the dungeon, and saw 26 of its levels.
You also visited: Gauntlet.

You collected 3660 gold pieces.
You spent 303 gold pieces at shops.

Inventory:

Hand Weapons
 c - the +4 halberd of Ifuygreh {spect, rPois Stlth+}
   (You found it in a Gauntlet)

   When its wielder attacks, the weapon's spirit leaps out and strikes again.
   The spirit shares a part of any damage it takes with its wielder.
   rPois:     It protects you from poison.
   Stlth:     It makes you more stealthy.
 l - the +11 dagger "Athe" {flame, Dex+7}
   (You found it on level 2 of the Dungeon)

   It burns those it strikes, dealing additional fire damage.
   Dex:       It affects your dexterity (+7).
 y - a +9 war axe of protection
 z - the +10 great sword "Yttoph" {antimagic, rC+ Dex+4}
   (You found it on level 13 of the Dungeon)

   It reduces the magical energy of the wielder, and disrupts the spells and
   magical abilities of those it strikes.
   Natural abilities and divine invocations are not affected.
   Dex:       It affects your dexterity (+4).
   rC:        It protects you from cold.
 D - a +9 vorpal hand crossbow (weapon)
 U - the +3 Elemental Staff {rElec rF++ rC++ AC+5}
   (You found it in a Gauntlet)

   If the wielder is skilled in Evocations, they can discharge powerful blasts
   of elemental energy when striking with it.
   It enhances your fire, ice, earth and air magic.
   AC:        It affects your AC (+5).
   rF:        It greatly protects you from fire.
   rC:        It greatly protects you from cold.
   rElec:     It insulates you from electricity.
Missiles
 g - 791 stones
 m - 23 boomerangs
 p - 718 arrows
 v - 98 bolts (quivered ammo)
 B - 267 sling bullets
 Z - 5 throwing nets
Armour
 d - a +2 cloak of willpower (worn)
 C - the +4 pair of gloves of Terror (worn) {*Corrode rPois Will+ Int+6}
   (You acquired it on level 15 of the Dungeon)

   Int:       It affects your intelligence (+6).
   rPois:     It protects you from poison.
   *Corrode:  It may corrode you when you take damage.
   Will:      It increases your willpower.
 K - a scarf of invisibility
 O - a +3 buckler of poison resistance
 R - +0 fire dragon scales
 S - a +3 buckler of protection (worn)
 V - a +2 pair of boots (worn)
 Y - the +5 robe of Night (worn) {Dark Will+ SInv}
   (You found it on level 7 of the Dungeon)

   It shrouds the wearer in darkness, reducing the range at which they can see
   and be seen by others.
   SInv:      It lets you see invisible.
   Will:      It increases your willpower.
Jewellery
 a - a +4 ring of protection
 e - a +4 ring of protection
 i - a ring of fire
 o - an amulet of regeneration (around neck)
 q - the ring of Sutyer {Ice Int+4}
   (You found it on level 2 of the Orcish Mines)

   [ring of ice]

   It enhances your ice magic.
   Int:       It affects your intelligence (+4).
   rF:        It makes you vulnerable to fire.
   rC:        It protects you from cold.
 r - an amulet of guardian spirit
 A - an amulet of reflection
 H - a ring of resist corrosion (right hand)
 P - a ring of flight (left hand)
 Q - a ring of wizardry
Wands
 k - a wand of mindburst (20)
 t - a wand of paralysis (8)
 w - a wand of digging (6)
 I - a wand of polymorph (19)
 T - a wand of flame (26)
 X - a wand of acid (13)
Scrolls
 j - 5 scrolls of silence
 n - 3 scrolls of fear
 s - a scroll of enchant armour
 x - 12 scrolls of teleportation
 E - 4 scrolls of blinking
 J - a scroll of enchant weapon
 N - 4 scrolls of magic mapping
 W - 6 scrolls of fog
Potions
 b - 4 potions of resistance
 f - a potion of berserk rage
 h - 7 potions of heal wounds
 u - 3 potions of brilliance
 F - 6 potions of curing
 G - 2 potions of cancellation
 L - a potion of invisibility
 M - a potion of might


   Skills:
 + Level 15.2 Fighting
 + Level 11.9(12.0) Short Blades
 + Level 1.0(8.3) Long Blades
 + Level 11.8(11.9) Axes
 + Level 1.0(7.6) Maces & Flails
 + Level 1.0(7.6) Polearms
 + Level 1.0(1.4) Staves
 + Level 0.9(2.4) Slings
 + Level 0.9 Bows
 + Level 9.6 Crossbows
 + Level 3.3(3.4) Throwing
 + Level 11.3 Armour
 + Level 13.6 Dodging
 + Level 9.4 Stealth
 + Level 10.9 Shields
 + Level 1.3 Unarmed Combat
 + Level 3.6 Spellcasting
 + Level 0.4 Conjurations
 + Level 0.3 Hexes
 + Level 3.9 Summonings
 + Level 0.4 Necromancy
 + Level 0.8 Translocations
 + Level 0.6 Transmutations
 + Level 0.4 Fire Magic
 + Level 0.4 Ice Magic
 + Level 0.4 Air Magic
 + Level 0.7 Earth Magic
 + Level 0.4 Poison Magic
 + Level 0.7 Invocations
 + Level 1.5 Evocations


You had 17 spell levels left.
You knew the following spells:

 Your Spells              Type           Power      Damage    Failure   Level
a - Call Canine Familiar  Summ           9%         N/A       9%          3
b - Passwall              Tmut/Erth      2%         N/A       19%         2

Your spell library contained the following spells:

 Spells                   Type           Power      Damage    Failure   Level
 Summon Small Mammal      Summ           36%        N/A       2%          1
 Apportation              Tloc           6%         N/A       11%         1
 Sandblast                Erth           6%         2d5       12%         1
 Animate Skeleton         Necr           4%         N/A       13%         1
 Magic Dart               Conj           8%         1d3       13%         1
 Pain                     Necr           8%         1d4       13%         1
 Searing Ray              Conj           4%         2d4       21%         2
 Summon Guardian Golem    Hex/Summ       5%         N/A       21%         3
 Gell's Gravitas          Tloc           3%         N/A       34%         3
 Lesser Beckoning         Tloc           3%         N/A       34%         3
 Teleport Other           Tloc           3%         N/A       34%         3
 Stone Arrow              Conj/Erth      4%         3d7       36%         3
 Ignite Poison            Fire/Tmut/Pois 2%         N/A       38%         3
 Conjure Flame            Conj/Fire      2%         6-21      41%         3
 Mephitic Cloud           Conj/Pois/Air  2%         N/A       41%         3
 Tukima's Dance           Hex            2%         N/A       41%         3
 Vampiric Draining        Necr           2%         2d6       41%         3
 Animate Armour           Summ/Erth      12%        N/A       54%         4
 Anguish                  Hex/Necr       1%         N/A       83%         4
 Fulminant Prism          Conj/Hex       1%         3d6       83%         4
 Sticky Flame             Conj/Fire      2%         2d3       83%         4
 Blade Hands              Tmut           1%         N/A       99%         5
 Freezing Cloud           Conj/Ice/Air   1%         6-21      99%         5
 Iron Shot                Conj/Erth      1%         9d1       100%        6
 Enfeeble                 Hex            1%         N/A       100%        7
 Orb of Destruction       Conj           1%         9d5       100%        7
 Spellforged Servitor     Conj/Summ      2%         N/A       100%        7


Dungeon Overview and Level Annotations

Branches:
Dungeon (15/15)            Temple (1/1) D:6            Lair (6/6) D:8
  Swamp (0/4) Lair:2       Spider (0/4) Lair:4        Slime (2/5) Lair:6
    Orc (2/2) D:12            Elf (0/3) Orc:2        Vaults (0/5) D:13
 Depths (0/4) D:15        Gauntlet (visited)

Altars:
Ashenzari
Cheibriados
Dithmenos
Elyvilon
Fedhas
Gozag
Hepliaklqana
Kikubaaqudgha
Makhleb
Nemelex Xobeh
Okawaru
Qazlal
Ru
Sif Muna
Trog
Uskayaw
Vehumet
Wu Jian
Xom
Yredelemnul
Zin
The Shining One
Beogh
Ignis
Jiyva

Shops:
D:11 ?([[(   D:15 *   Orc:1 *   Orc:2 ([?:


Innate Abilities, Weirdness & Mutations

Your life essence is reduced to manifest your ancestor. (-10% HP)
You have a pair of horns on your head.
You reflexively headbutt those who attack you in melee.
You tend to lose your temper in combat.
Your mind is acute. (Int +2)
Armour fits poorly on your strangely shaped body.
Your body sometimes deteriorates upon taking damage.
You are frail. (-10% HP)
You are weak. (Str -2)
Your spells are easier to cast, but less powerful.


Message History

(? for menu, Esc to cancel) < or
e - a +4 ring of protection; > or
H - a ring of resist corrosion You remove your +4 ring of protection.
You fly up into the air.
P - a ring of flight (left hand) Partly explored, can't reach some places.
You are splashed with acid.
You are splashed with acid.
You are splashed with acid!
You are splashed with acid.
The wall burns Vusi!
You are splashed with acid!
The wall burns Vusi!
You swap places.
You are splashed with acid.
The walls burn Vusi!
You are splashed with acid!
The walls burn Vusi!
You are splashed with acid.
The walls burn Vusi!
You are splashed with acid.
The walls burn Vusi!
You are splashed with acid.
The wall burns Vusi!
The wall burns Vusi!
The wall burns Vusi!
You start resting.
HP restored.
You start resting.
Ancestor HP restored.
You are splashed with acid.
You are splashed with acid!
You are splashed with acid!
The wall burns Vusi!
You are splashed with acid!!
Your body deteriorates!
You feel weakened.
The wall burns Vusi!
You swap places.
You are splashed with acid!
The walls burn Vusi!
You are splashed with acid!
The walls burn Vusi!
You are splashed with acid!
The walls burn Vusi!
You are splashed with acid!
The walls burn Vusi!
You swap places.
You are splashed with acid!
* * * LOW HITPOINT WARNING * * *
The walls burn Vusi!
You are splashed with acid!!
* * * LOW HITPOINT WARNING * * *
The walls burn Vusi!
You are splashed with acid!
You die...

#.....#.## ##.......#####
#......#.##.##
####...........#
##.###..........##
#...##...........#
##R##............#
##.##.........#.##
#.@.......#..####
##............#
###..........##
###.###.......#.###
##....#.#..........## ##
#...................#
##.##.........>...#.....##
#...........#............#
#.#....................##


You could see the friendly Vusi the battlemage.

Vanquished Creatures
  Jorgrun (D:12)
  Rupert (Orc:2)
  An acid blob (Slime:2)
  2 azure jellies (Slime:1)
  A rockslime (Slime:1)
  4 quicksilver oozes (Slime:1)
  A minotaur (Gauntlet)
  2 ettins
  A fire dragon (Lair:6)
  Harold (D:7)
  7 hydras
  Erolcha (D:9)
  A catoblepas (Lair:6)
  2 boulder beetles
  2 two-headed ogres
  4 centaur warriors
  2 dancing weapons (D:13)
  2 tengu warriors (D:14)
  A deep troll earth mage (D:11)
  A hell knight (D:15)
  A hell hog (Gauntlet)
  4 orc high priests (Orc:2)
  3 skeletal warriors (D:15)
  A deep troll (D:15)
  7 orc knights
  3 deep elf pyromancers
  3 shining eyes
  2 orc sorcerers (Orc:2)
  A manticore (D:14)
  7 ugly things
  2 wolf spiders
  A salamander (shapeshifter) (D:14)
  2 cyclopes
  9 elephants
  Joseph (D:9)
  2 torpor snails
  The ghost of Agrostarius the Skirmisher, a novice MiBe of Trog (D:5)
  A guardian serpent (Lair:6)
  2 gargoyles
  2 black mambas (Lair:6)
  6 cane toads
  2 efreet (D:14)
  A rime drake (Lair:5)
  7 komodo dragons
  A kobold demonologist (D:11)
  A tengu conjurer (D:14)
  A meliai (Lair:4)
  4 polar bears
  5 tyrant leeches
  3 trolls
  4 hornets (Lair:6)
  A hornet (shapeshifter) (D:14)
  23 slime creatures
  3 dream sheep (D:7)
  3 blink frogs (Lair:4)
  3 shadows
  A vampire (D:14)
  4 wyverns
  A water elemental (D:13)
  11 yaks
  3 fire bats
  3 golden eyes (Slime:1)
  A wraith (D:13)
  2 basilisks
  2 chaos spawn (Gauntlet)
  A neqoxec (Gauntlet)
  A steam dragon (D:5)
  2 redbacks (Lair:6)
  A vampire mosquito (D:11)
  7 wargs (Orc:2)
  An acid dragon (D:8)
  14 water moccasins
  Duvessa (D:6)
  3 hell hounds (Gauntlet)
  An ice beast (D:7)
  2 sky beasts
  2 hornet zombies
  14 orc warriors
  2 necrophages
  3 ogres
  5 wolves
  14 centaurs
  2 phantoms
  2 kobold brigands
  6 bullfrogs
  A gnoll sergeant (D:10)
  3 scorpions
  Dowan (D:6)
  2 killer bees (Lair:4)
  4 electric eels
  12 wights
  5 centaur zombies
  A lava snake (Lair:6)
  A bullfrog zombie (D:5)
  4 hounds
  2 jellies
  A gnoll shaman (D:10)
  14 orc priests
  A centaur skeleton (D:7)
  3 iguanas (D:7)
  16 orc wizards
  Natasha (thrice) (D:3)
  2 hound skeletons (D:4)
  A mummy (D:5)
  A howler monkey zombie (D:10)
  A howler monkey skeleton (D:6)
  11 gnolls
  10 adders
  2 shadow imps
  A white imp (D:6)
  3 ufetubi
  An adder skeleton (D:4)
  3 worms
  4 dart slugs
  56 orcs
  11 endoplasms
  6 giant cockroaches
  6 goblins
  8 hobgoblins
  8 kobolds
  3 quokkas
  3 ball pythons
  3 bats (D:2)
  4 frilled lizards
  7 rats
502 creatures vanquished.

Vanquished Creatures (collateral kills)
  3 acid blobs
  An azure jelly (Slime:1)
  The ghost of Tiocfaidh the Thrower, a journeyman GnBr of Okawaru (Orc:2)
  Snorg (D:11)
  6 hydras
  3 boulder beetles
  A death knight (D:11)
  2 two-headed ogres
  2 centaur warriors
  A tengu warrior (D:15)
  2 wizards (D:15)
  An orc knight (Orc:2)
  A lindwurm (Lair:6)
  2 orc sorcerers (Orc:2)
  A manticore (D:13)
  4 ugly things
  A wolf spider (Lair:6)
  A cyclops (D:12)
  8 elephants
  4 black mambas
  A moth of wrath (Orc:2)
  A centaur zombie (D:10)
  A freezing wraith (D:15)
  4 torpor snails (Lair:6)
  15 cane toads
  2 rime drakes (Lair:5)
  6 komodo dragons
  A kobold demonologist (D:9)
  A tengu conjurer (D:14)
  A polar bear (Lair:6)
  A troll (D:12)
  4 hornets (Lair:6)
  5 blink frogs (Lair:4)
  22 slime creatures
  2 dream sheep (D:7)
  A shadow (D:7)
  A wraith (D:12)
  8 yaks
  5 wyverns
  A fire bat (Lair:2)
  A redback (Lair:6)
  2 steam dragons
  A basilisk (D:15)
  2 wargs (Orc:2)
  14 water moccasins
  A hornet zombie (D:9)
  11 orc warriors
  A wolf (Lair:3)
  An ogre (Orc:2)
  2 centaurs (D:13)
  5 bullfrogs
  3 killer bees (Lair:4)
  A wight (D:8)
  3 electric eels
  A hound (D:7)
  A gnoll shaman (Orc:1)
  2 orc priests (Orc:2)
  An iguana (Lair:2)
  9 orc wizards
  A howler monkey skeleton (D:7)
  5 gnolls
  16 orcs
  2 hobgoblins (D:14)
  6 kobolds
  A bat (D:13)
222 creatures vanquished.

Vanquished Creatures (others)
  28 battlemagi
  A kobold (D:11)
  10 fungi
  119 plants
158 creatures vanquished.

Grand Total: 882 creatures vanquished

Notes
Turn   | Place    | Note
-------+----------+-------------------------------------------
     0 | D:1      | issech the Minotaur Monk began the quest for the Orb.
     0 | D:1      | Reached XP level 1. HP: 19/19 MP: 0/0
    27 | D:1      | Found a faded altar of an unknown god.
   197 | D:1      | Reached XP level 2. HP: 25/27 MP: 1/1
   670 | D:1      | Reached XP level 3. HP: 31/33 MP: 2/2
   756 | D:1      | Reached skill level 4 in Fighting
  1012 | D:2      | Reached skill level 1 in Short Blades
  1188 | D:2      | Identified the +11 dagger "Athe" {flame, Dex+7}
  1448 | D:2      | Reached XP level 4. HP: 40/40 MP: 3/3
  2210 | D:3      | Noticed Natasha
  2213 | D:3      | Killed Natasha
  2457 | D:3      | Reached XP level 5. HP: 47/47 MP: 4/4
  2486 | D:3      | Found a radiant altar of Vehumet.
  2557 | D:3      | Noticed Natasha
  2562 | D:3      | Killed Natasha
  2563 | D:3      | Reached skill level 1 in Armour
  2608 | D:3      | Noticed Natasha
  2626 | D:3      | Killed Natasha
  3060 | D:4      | Reached XP level 6. HP: 53/53 MP: 5/5
  3549 | D:5      | Entered Level 5 of the Dungeon
  3557 | D:5      | Reached XP level 7. HP: 58/60 MP: 6/6
  3845 | D:5      | Reached skill level 5 in Short Blades
  4158 | D:5      | Found a runed translucent gate.
  4158 | D:5      | Found a runed translucent gate.
  4158 | D:5      | Found a runed translucent gate.
  4158 | D:5      | Noticed Agrostarius's ghost (novice MiBe)
  4160 | D:5      | Found a basalt altar of Yredelemnul.
  4167 | D:5      | Reached skill level 5 in Fighting
  4173 | D:5      | Reached skill level 5 in Armour
  4173 | D:5      | Reached XP level 8. HP: 63/68 MP: 7/7
  4422 | D:5      | Found a snail-covered altar of Cheibriados.
  4546 | D:5      | Killed Agrostarius's ghost
  4547 | D:5      | Reached skill level 5 in Dodging
  4748 | D:6      | Noticed Dowan
  4748 | D:6      | Noticed Duvessa
  5307 | D:6      | Killed Duvessa
  5308 | D:6      | Reached skill level 6 in Fighting
  5315 | D:6      | Killed Dowan
  5627 | D:6      | Found an opulent altar of Gozag.
  5954 | D:6      | Reached XP level 9. HP: 59/75 MP: 8/8
  6320 | D:6      | Found a staircase to the Ecumenical Temple.
  6326 | Temple   | Entered the Ecumenical Temple
  6356 | Temple   | Became a worshipper of Hepliaklqana the Forgotten
  6356 | Temple   | Reached * piety under Hepliaklqana
  6356 | Temple   | Reached ** piety under Hepliaklqana
  6357 | Temple   | Remembered your ancestor Vusi as a battlemage
  6624 | D:6      | Found a burning altar of Makhleb.
  6919 | D:7      | Reached skill level 1 in Throwing
  6925 | D:7      | Reached skill level 7 in Fighting
  7131 | D:7      | Found the +5 robe of Night {Dark Will+ SInv}
  7245 | D:7      | Noticed Harold
  7261 | D:6      | Reached XP level 10. HP: 70/79 MP: 9/9
  7307 | D:7      | Killed Harold
  7527 | D:7      | Found a broken altar of Ashenzari.
  7534 | D:7      | Reached skill level 8 in Fighting
  7589 | D:7      | Found a sparkling altar of Nemelex Xobeh.
  7669 | D:7      | Reached skill level 10 in Armour
  8074 | D:8      | Noticed a deep elf pyromancer
  8089 | D:8      | Killed a deep elf pyromancer
  8346 | D:8      | Found a glowing golden altar of the Shining One.
  8566 | D:8      | Found a bloodstained altar of Trog.
  8596 | D:8      | Noticed a two-headed ogre
  8601 | D:8      | Killed a two-headed ogre
  8760 | D:8      | Reached *** piety under Hepliaklqana
  9174 | D:8      | Reached skill level 5 in Stealth
  9453 | D:8      | Found a staircase to the Lair.
  9471 | D:8      | Reached skill level 10 in Short Blades
  9900 | D:9      | Reached XP level 11. HP: 85/85 MP: 10/10
  9930 | D:9      | Noticed Joseph
  9938 | D:9      | Killed Joseph
  9953 | D:9      | Reached skill level 9 in Fighting
 10104 | D:9      | Noticed Erolcha
 10111 | D:9      | Killed Erolcha
 10115 | D:9      | Found a blossoming altar of Fedhas.
 10759 | D:10     | Entered Level 10 of the Dungeon
 10775 | D:10     | Learned a level 3 spell: Call Canine Familiar
 11128 | D:10     | Noticed a two-headed ogre
 11135 | D:10     | Killed a two-headed ogre
 11791 | D:11     | Reached **** piety under Hepliaklqana
 11802 | D:11     | Found Mynyegu's Antique Armour Shoppe.
 12261 | D:11     | Noticed Snorg
 12276 | D:11     | Killed Snorg
 12277 | D:11     | Reached skill level 1 in Spellcasting
 12277 | D:11     | Reached skill level 1 in Summonings
 12633 | D:11     | Found Kath's Weapon Shoppe.
 12670 | D:11     | Found Ulag's Magic Scroll Boutique.
 12673 | D:11     | Bought a scroll of identify for 26 gold pieces
 12687 | D:11     | Found Yryn Neo's Armour Shoppe.
 12766 | D:11     | Found Hacryc's Weapon Emporium.
 13044 | D:11     | Noticed a death knight
 13117 | D:11     | Killed a death knight
 13427 | D:11     | Noticed an orc knight
 13427 | D:11     | Noticed a deep troll earth mage
 13434 | D:11     | Noticed an ettin
 13436 | D:11     | Noticed a centaur warrior
 13687 | D:12     | Noticed a two-headed ogre
 13692 | D:12     | Killed a two-headed ogre
 13693 | D:12     | Reached skill level 10 in Fighting
 13754 | D:12     | Noticed a seven-headed hydra
 13764 | D:12     | Killed a seven-headed hydra
 13765 | D:12     | Reached skill level 1 in Shields
 14023 | D:12     | Noticed a green ugly thing
 14029 | D:12     | Killed a green ugly thing
 14030 | D:12     | Reached XP level 12. HP: 95/95 MP: 14/14
 14430 | D:12     | Noticed a boulder beetle
 14441 | D:11     | Killed a deep troll earth mage
 14455 | D:12     | Reached ***** piety under Hepliaklqana
 14792 | D:12     | You fall into a shaft and drop 3 floors!
 14792 | D:15     | Entered Level 15 of the Dungeon
 14981 | D:15     | Noticed a tengu warrior
 15003 | D:15     | Killed a tengu warrior
 15042 | D:15     | Found a gate leading to a gauntlet.
 15048 | Gauntlet | Entered a Gauntlet
 15048 | Gauntlet | Found a transporter.
 15236 | Gauntlet | Found a transporter.
 15237 | Gauntlet | Found a transporter.
 15256 | Gauntlet | Found a transporter.
 15258 | Gauntlet | Found a transporter.
 15474 | Gauntlet | Found a transporter.
 15493 | Gauntlet | Found a transporter.
 15494 | Gauntlet | Found a runed translucent door.
 15496 | Gauntlet | Noticed a hell hog
 15503 | Gauntlet | Found a transporter.
 15510 | Gauntlet | Noticed a dire elephant
 15516 | Gauntlet | Found a transporter.
 15527 | Gauntlet | Found a transporter.
 15545 | Gauntlet | Found a transporter.
 15883 | Gauntlet | Gained mutation: You are dopey. (Int -2) [a neqoxec]
 15895 | Gauntlet | Found a transporter.
 16017 | Gauntlet | Found a runed translucent door.
 16154 | Gauntlet | Identified the +4 halberd of Ifuygreh {spect, rPois Stlth+}
 16181 | Gauntlet | Noticed a minotaur
 16199 | Gauntlet | HP: 1/97 [hell hog (9)]
 16200 | Gauntlet | Killed a hell hog
 16201 | Gauntlet | Reached skill level 11 in Fighting
 16204 | Gauntlet | HP: 1/99 [minotaur/silver javelin (1)]
 16700 | Gauntlet | Found the +3 Elemental Staff {rElec rF++ rC++ AC+5}
 16711 | Gauntlet | Killed a minotaur
 16784 | Gauntlet | Reached skill level 1 in Long Blades
 16784 | Gauntlet | Reached skill level 1 in Maces & Flails
 16784 | Gauntlet | Reached skill level 1 in Polearms
 16784 | Gauntlet | Reached skill level 1 in Staves
 16784 | Gauntlet | Reached skill level 1 in Unarmed Combat
 16784 | Gauntlet | Reached skill level 1 in Evocations
 16784 | Gauntlet | Reached XP level 13. HP: 104/104 MP: 16/16
 16924 | D:15     | Identified a scroll of acquirement
 16924 | D:15     | Acquired the +4 pair of gloves of Terror {*Corrode rPois
                  | Will+ Int+6}
 17023 | D:15     | Noticed an ettin
 17333 | D:15     | Reached skill level 5 in Shields
 17644 | D:15     | Reached skill level 10 in Dodging
 18055 | D:14     | Reached XP level 14. HP: 59/111 MP: 10/18
 19060 | D:13     | Found a sacrificial altar of Ru.
 19418 | D:13     | Identified the +10 great sword "Yttoph" {antimagic, rC+
                  | Dex+4}
 19586 | D:13     | Found a gate to the Vaults.
 19613 | D:13     | HP: 2/112 [+4 long sword (12)]
 20492 | D:11     | Reached skill level 12 in Fighting
 20773 | D:11     | Bought a pair of glowing boots for 217 gold pieces
 21271 | D:12     | Found a staircase to the Orcish Mines.
 21423 | D:12     | Noticed Jorgrun
 21441 | D:12     | Killed Jorgrun
 22798 | D:14     | Reached skill level 5 in Axes
 23317 | D:15     | Found a staircase to the Depths.
 23424 | D:15     | Found Tomu's CLEARANCE SALE!.
 24347 | D:12     | Learned a level 2 spell: Passwall
 24648 | Orc:1    | Entered Level 1 of the Orcish Mines
 24825 | Orc:1    | Found Boeqon's Overcharged Wands.
 24910 | Orc:1    | Reached ****** piety under Hepliaklqana
 25247 | Orc:2    | Entered Level 2 of the Orcish Mines
 25448 | Orc:2    | Found a transporter.
 25541 | Orc:2    | Found a transporter.
 25544 | Orc:2    | Noticed Tiocfaidh's ghost (journeyman GnBr)
 25545 | Orc:2    | Noticed Rupert
 25562 | Orc:2    | Killed Rupert
 25944 | Orc:2    | Found Janecs's Weapon Boutique.
 25953 | Orc:2    | HP: 3/112 [orc warrior/+0 halberd (3)]
 25977 | Orc:2    | Found Foynk's Book Boutique.
 25978 | Orc:2    | Found Lyafal's Magic Scroll Shoppe.
 26253 | Orc:2    | Found a staircase to the Elven Halls.
 26382 | Orc:2    | Reached XP level 15. HP: 86/120 MP: 19/19
 26613 | Orc:2    | Reached skill level 13 in Fighting
 26747 | Orc:2    | Found Jonoam's Antique Armour Shoppe.
 26778 | Orc:2    | Bought 2 scrolls of identify for 40 gold pieces
 26778 | Orc:2    | Bought a scroll of identify for 20 gold pieces
 27092 | Orc:2    | Killed Tiocfaidh's ghost
 27096 | Orc:2    | Identified the ring of Sutyer {Ice Int+4}
 27592 | Lair:1   | Entered Level 1 of the Lair of Beasts
 27796 | Lair:1   | Reached skill level 1 in Crossbows
 29477 | Lair:2   | Found a staircase to the Swamp.
 29609 | Lair:2   | Identified the +1 robe "Gat Sagg" {Will+ Str-2 Int+3}
 30035 | Lair:3   | Found a dark tunnel.
 30482 | Lair:3   | Reached skill level 5 in Crossbows
 30762 | Lair:4   | Found a hole to the Spider Nest.
 31749 | Lair:5   | Lost mutation: You are dopey. (Int -2) [potion of mutation]
 31749 | Lair:5   | Gained mutation: Your spells are a little easier to cast,
                  | but a little less powerful. [potion of mutation]
 32839 | Lair:6   | Entered Level 6 of the Lair of Beasts
 32938 | Lair:6   | Reached skill level 14 in Fighting
 33184 | Lair:6   | Reached XP level 16. HP: 116/131 MP: 20/20
 33451 | Lair:6   | Reached skill level 10 in Shields
 33544 | Lair:6   | HP: 3/132 [15-headed hydra (7)]
 33827 | Lair:6   | Found a runed translucent door.
 33983 | Lair:6   | Paralysed by a hornet for 3 turns
 33989 | Lair:6   | Reached skill level 10 in Axes
 34488 | Lair:6   | Identified the +1 robe of the Untouchables {Contam rCorr
                  | Archmagi}
 34505 | Lair:6   | Found a viscous altar of Jiyva.
 34505 | Lair:6   | Found a staircase to the Slime Pits.
 34628 | Slime:1  | Entered Level 1 of the Pits of Slime
 34642 | Slime:2  | Noticed an acid blob
 34668 | Slime:1  | Noticed an acid blob
 34835 | Lair:6   | Killed an acid blob
 35164 | Slime:1  | Noticed an acid blob
 35174 | Slime:1  | Killed an acid blob
 35361 | Slime:1  | Gained mutation: Armour fits poorly on your strangely
                  | shaped body. [a shining eye]
 35364 | Slime:1  | Gained mutation: Your body sometimes deteriorates upon
                  | taking damage. [a shining eye]
 35365 | Slime:1  | Gained mutation: You tend to lose your temper in combat. [a
                  | shining eye]
 35368 | Slime:1  | Gained mutation: Your mind is acute. (Int +2) [a shining
                  | eye]
 35374 | Slime:1  | Gained mutation: You are frail. (-10% HP) [a shining eye]
 35376 | Slime:1  | Reached skill level 15 in Fighting
 36622 | Slime:1  | Killed an acid blob
 36649 | Slime:2  | Noticed an acid blob
 36659 | Slime:2  | Killed an acid blob
 36780 | Slime:2  | Gained mutation: Your spells are easier to cast, but less
                  | powerful. [a shining eye]
 36782 | Slime:2  | Gained mutation: You are weak. (Str -2) [a shining eye]
 37286 | Slime:2  | HP: 5/119 [acid (19)]
 37287 | Slime:2  | Splashed with acid

Illustrated notes

Levels and vault maps discovered:
D:1:      minmay_arrival_checkered_box, layout_loops_ring,
          basic_ecumenical_altar, kennysheep_boxes
D:2:      layout_basic, nicolae_elevator_lobby_plus
D:3:      layout_loops_cross, general_overflow_altar, st_stairs_3,
          serial_bayou_pond_e, uniq_natasha
D:4:      layout_basic
D:5:      layout_cave_pools, nicolae_yredelemnul_ghost_church, slow_altar_2,
          guppyfry_early_lair_pool
D:6:      layout_cave_pools, mainiacjoe_overflow_alcove_1,
          lemuel_coloured_pillars_altar, minmay_temple_entry_fiery,
          minivault_26, uniq_duvessa
D:7:      layout_cave_pools, chequers_temple_overflow_statue_of_worship,
          grunt_ogre_cave, hellmonk_guarded_unrand_night, uniq_harold
D:8:      layout_basic, mainiacjoe_overflow_large_starburst, erik_lair_dragon
D:9:      layout_basic, fedhas_altar_2, hangedman_decor_diamond_cutter,
          uniq_erolcha, uniq_joseph
D:10:     layout_loops_ring, minmay_misc_feat_cross
D:11:     minmay_klotski, layout_rooms, serial_shops, shop,
          nicolae_shop_waterfront, nicolae_shop_behind_doors, shop,
          kennysheep_little_box, uniq_snorg
D:12:     layout_stronghold, david_orc_4, minivault_21, uniq_jorgrun
D:13:     layout_loops_corners, erik_vaults_1, chequers_big_river,
          nicolae_ru_great_annihilating_truth
D:14:     cheibrodos_orc_bank, layout_long_grid, serial_park_tiny_2
D:15:     hangedman_depths_entry_civil_slaughter, layout_grid_maze,
          gauntlet_entry_generic, nicolae_wwwww,
          hangedman_abyss_or_decor_clamps, nicolae_shop_clearance
Temple:   ebering_untended_altars
Lair:1:   cheibrodos_lair_river_kwai, layout_cave_pods, st_stairs_10,
          grunt_megastairs_2
Lair:2:   layout_gridlike, palyth_hydra_swamp_entry, grunt_megastairs_4
Lair:3:   layout_hall_layers, enter_volcano_4, serial_bayou_shore_b,
          grunt_megastairs_3, lemuel_fruit_tree, serial_bayou_shore_a
Lair:4:   layout_regular_city, hellmonk_spider_entry_not_the_bees
Lair:5:   nzn_winding_woodlands_cross [nzn_winding_woodlands_5x15_parted,
          nzn_winding_woodlands_5x15_longhouse,
          nzn_winding_woodlands_5x15_split_checker,
          nzn_winding_woodlands_5x15_concentric,
          nzn_winding_woodlands_15x15_eel_pit], layout_regular_city,
          infiniplex_staircase_pool
Lair:6:   hangedman_lair_tendril_chambers, layout_gridlike, wormcave,
          dpeg_slime_entry_enclosed_altar, nicolae_quartered_pool_medium,
          st_stairs_6, nicolae_lair_grazing_beasts [nicolae_sub_lair_graze_edge,
          nicolae_sub_lair_graze_edge, nicolae_sub_lair_graze_edge,
          nicolae_sub_lair_graze_edge]
Slime:1:  cheibrodos_slime_lost_civilization_1, layout_caves
Slime:2:  layout_caves
Orc:1:    layout_diamond_mine, nicolae_shop_overcharged_wands
Orc:2:    st_orc_elflike, layout_caves, basic_altar,
          gammafunk_ghost_berserking_beasts, uniq_rupert

Skill      XL: |  1  2  3  4  5  6  7  8  9 10 11 12 13 14 15 16 |
---------------+-------------------------------------------------+-----
Axes           | 4 7 9 11 | 11.8
Fighting       | 4 5 6 7 8 10 11 12 14 15 | 15.2
Short Blades   | 1 2 3 4 5 7 8 10 11 | 11.9
Dodging        | 4 5 6 8 9 10 11 12 13 | 13.6
Stealth        | 2 3 4 5 6 7 9 |  9.4
Armour         | 1 3 5 7 9 11 | 11.3
Throwing       | 1 2 3 |  3.3
Spellcasting   | 2 3 |  3.6
Summonings     | 2 3 |  3.9
Shields        | 1 4 5 8 9 10 | 10.9
Long Blades    | 1 |  1.0
Maces & Flails | 1 |  1.0
Polearms       | 1 |  1.0
Staves         | 1 |  1.0
Unarmed Combat | 1 |  1.3
Evocations     | 1 |  1.5
Crossbows      | 8 9 |  9.6
Slings         | |  0.9
Bows           | |  0.9
Conjurations   | |  0.4
Hexes          | |  0.3
Necromancy     | |  0.4
Translocations | |  0.8
Transmutations | |  0.6
Fire Magic     | |  0.4
Ice Magic      | |  0.4
Air Magic      | |  0.4
Earth Magic    | |  0.7
Poison Magic   | |  0.4
Invocations    | |  0.7

Action                   |  1- 3 |  4- 6 |  7- 9 | 10-12 | 13-15 | 16-18 || total
-------------------------+-------+-------+-------+-------+-------+-------++-------
Melee: Hand axe          |    10 |       |       |       |       |       ||    10
       Headbutt          |    21 |    14 |    38 |   124 |   221 |    82 ||   500
       Dagger            |    68 |    75 |   173 |   422 |   384 |     8 ||  1130
       Punch             |     2 |       |     3 |     2 |       |       ||     7
       War axe           |       |       |       |     2 |   325 |   200 ||   527
 Fire: Hand crossbow     |       |       |       |       |   313 |   130 ||   443
Throw: Boomerang         |       |       |     7 |       |    11 |       ||    18
 Cast: Call Canine Famil |       |       |       |    13 |     2 |       ||    15
       Passwall          |       |       |       |       |     2 |       ||     2
Invok: Ancestor Life: Ba |       |       |     1 |       |       |       ||     1
       Recall Ancestor   |       |       |       |     2 |     2 |     1 ||     5
  Use: Scroll            |       |       |     6 |     8 |    26 |     1 ||    41
       Potion            |       |       |       |     5 |     4 |     2 ||    11
 Stab: Sleeping          |     1 |     3 |       |     8 |    12 |     2 ||    26
       Distracted        |       |       |     1 |     7 |    17 |     2 ||    27
Armor: Robe              |     3 |       |     3 |    89 |   300 |   213 ||   608
       Leather armour    |     8 |     6 |       |       |       |       ||    14
       Scale mail        |       |     5 |    39 |       |       |       ||    44
       Chain mail        |       |       |    11 |       |       |       ||    11
Dodge: Dodged            |    50 |    49 |    74 |   277 |   600 |   321 ||  1371
Block: Buckler           |       |       |       |    25 |   371 |   213 ||   609
       Kite shield       |       |       |       |    50 |       |       ||    50
